 Dungeon Crawl Stone Soup version 0.17-b1-25-g6d8775f (webtiles) character file.

833 4thArraOfDagon the Slasher (level 7, -4/42 HPs)
             Began as a Tengu Assassin on Nov 5, 2015.
             Was a Believer of Cheibriados.
             Slain by a gnoll
             ... wielding a +0 flail
              (7 damage)
             ... on level 6 of the Dungeon.
             The game lasted 00:11:03 (2051 turns).

4thArraOfDagon the Slasher (Tengu Assassin)         Turns: 2051, Time: 00:11:04

Health: -4/42      AC: 11    Str: 21    XL:     7   Next: 98%
Magic:  10/10      EV: 12    Int: 19    God:    Cheibriados [**....]
Gold:   241        SH:  0    Dex: 20    Spells: 0 memorised, 6 levels left

rFire  . . .     SeeInvis .     n - +2 long sword (elec)
rCold  . . .     Clarity  .     q - +4 scale mail
rNeg   . . .     SustAt   .     (no shield)
rPois  .         Gourm    .     (helmet restricted)
rElec  .         Spirit   .     A - +0 cloak
rCorr  .         Warding  .     (no gloves)
rMut   .         Stasis   .     (boots unavailable)
MR     .....                    (no amulet)
Stlth  +++.......               (no ring)
                                d - ring of stealth

@: mighty, very slow, not resistant to hostile enchantments, fairly stealthy
A: beak, talons 3, able to fly 1
a: Fly, Bend Time, Renounce Religion


You were on level 6 of the Dungeon.
You worshipped Cheibriados.
Cheibriados was pleased with you.
You were not hungry.

You visited 2 branches of the dungeon, and saw 7 of its levels.

You collected 241 gold pieces.

Inventory:

Hand Weapons
 a - a +2 dagger
 b - a +0 blowgun
 n - a +2 long sword of electrocution (weapon)
Missiles
 e - 19 poisoned needles
 f - a curare-tipped needle
 o - 2 throwing nets (quivered)
 w - 2 needles of confusion
Armour
 q - a +4 scale mail (worn)
 A - a +0 cloak (worn)
Jewellery
 d - a ring of stealth (left hand)
Wands
 k - a wand of digging (13)
 y - a wand of frost (41)
Scrolls
 h - a scroll of blinking
 l - a scroll of fog {unknown}
 s - a scroll of teleportation {unknown}
 t - 3 scrolls of enchant weapon {unknown}
 u - a scroll of noise {unknown}
 v - 2 scrolls of magic mapping {unknown}
Potions
 j - 2 potions of brilliance
 r - a potion of haste {unknown}
 z - a potion of might
Comestibles
 c - a chunk of flesh
 g - 3 bread rations
 i - 2 royal jellies
 m - 3 meat rations
 p - 3 beef jerkies
 x - a fruit


   Skills:
 + Level 3.7 Fighting
 - Level 2.1(4.2) Short Blades
 * Level 5.5(5.8) Long Blades
 - Level 2.0 Throwing
 + Level 3.5 Dodging
 - Level 4.0 Stealth
 - Level 3.5 Unarmed Combat
 + Level 3.1 Invocations


You had 6 spell levels left.
You didn't know any spells.

Dungeon Overview and Level Annotations

Branches:
Dungeon (6/15)             Temple (1/1) D:4

Altars:
Cheibriados
Dithmenos
Elyvilon
Fedhas
Gozag
Makhleb
Nemelex Xobeh
Qazlal
Ru
Xom
Yredelemnul

Shops:
D:4 :


Innate Abilities, Weirdness & Mutations

You have a beak for a mouth.
You have claws for feet.
You can fly.


Message History

The gnoll sergeant is almost dead.
The gnoll sergeant hits you but does no damage.
The gnoll sergeant blocks your attack. x2
You peck the gnoll sergeant.
You kill the gnoll sergeant!
Cheibriados thoroughly appreciates the change of pace.
Cheibriados raises the support of your attributes as your movement slows.
You slash the gnoll!
The gnoll is almost dead.
The gnoll closely misses you.
The gnoll hits you from afar with a halberd!
* * * LOW HITPOINT WARNING * * *
Unknown command.
Evoke which item? (* to show all) (? for menu, Esc to quit)
Okay, then.
Drink which item? (? for menu, Esc to quit)
It was a potion of might.
You feel very mighty all of a sudden. The gnoll hits you with a flail!
You die... . #.#.##..# # ### #.#.##..### # #gg

#<#.##..... # #g# #.#^###.### ###
#g# #### ##.#.###.# ..# #.# #.<
.....##.# ..#######.#### #.#
#.#..##.#
....).....)g.####.#####.#..##.###
..#######.##gggg@..........##....
..# #.#######.#####.......[.. ###
#.# ###.########.###### #.#
#.......# #)# #.# ##.#.###.## #.#
#.# ##.......... ..# ###
#.###.....###.## ### # ##.##
#.##.......# ########### ....#
#..........# #....<.....


You could see 5 gnolls.

Vanquished Creatures
  2 centaurs (D:5)
  A giant frog (D:6)
  A gnoll sergeant (D:6)
  A wyvern skeleton (D:6)
  2 water moccasin skeletons (D:6)
  A quasit (D:6)
  A centaur zombie (D:5)
  2 crimson imps (D:5)
  Jessica (D:2)
  2 worker ants (D:5)
  The ghost of Rayvis the Sneak, a weakling FeEn (D:4)
  5 gnolls
  4 adders
  2 shadow imps (D:4)
  A worm (D:3)
  5 orcs
  A ball python (D:1)
  5 giant cockroaches
  4 hobgoblins
  13 jackals
  6 bats
  2 giant geckos
  6 giant newts
  10 goblins
  8 kobolds
  7 rats
94 creatures vanquished.

Notes
Turn   | Place    | Note
--------------------------------------------------------------
     0 | D:1      | 4thArraOfDagon the Tengu Assassin began the quest for the Orb.
     0 | D:1      | Reached XP level 1. HP: 12/12 MP: 2/2
    35 | D:1      | Reached skill level 1 in Unarmed Combat
    92 | D:1      | Reached XP level 2. HP: 17/17 MP: 3/3
   204 | D:2      | Noticed Jessica
   223 | D:2      | Killed Jessica
   223 | D:2      | Reached XP level 3. HP: 18/21 MP: 4/4
   490 | D:4      | Reached skill level 1 in Long Blades
   490 | D:4      | Reached XP level 4. HP: 22/26 MP: 5/5
   591 | D:4      | Noticed Rayvis's ghost (weakling FeEn)
   729 | D:4      | Found a staircase to the Ecumenical Temple.
   733 | Temple   | Entered the Ecumenical Temple
   745 | Temple   | Became a worshipper of Cheibriados the Contemplative
  1118 | D:1      | Reached * piety under Cheibriados
  1158 | D:1      | Reached skill level 1 in Invocations
  1301 | D:2      | Found a blossoming altar of Fedhas.
  1302 | D:2      | Found a sparkling altar of Nemelex Xobeh.
  1352 | D:5      | Entered Level 5 of the Dungeon
  1355 | D:4      | Gained mutation: You can fly. [Tengu growth]
  1355 | D:4      | Reached XP level 5. HP: 30/30 MP: 6/6
  1409 | D:4      | Killed Rayvis's ghost
  1446 | D:4      | Found Caifoude's Book Boutique.
  1628 | D:5      | Reached XP level 6. HP: 32/36 MP: 8/8
  1629 | D:5      | Noticed a centaur
  1630 | D:5      | Noticed a centaur
  1632 | D:5      | Killed a centaur
  1634 | D:5      | Killed a centaur
  1695 | D:5      | Reached XP level 7. HP: 35/41 MP: 9/9
  1708 | D:5      | Reached ** piety under Cheibriados
  1864 | D:6      | Reached skill level 5 in Long Blades
  2051 | D:6      | Slain by a gnoll

Action                   |  1- 3 |  4- 6 |  7- 9 || total
-------------------------+-------+-------+-------++-------
Melee: Dagger            |    49 |       |       ||    49
       Long sword        |    22 |    97 |    55 ||   174
 Fire: Blowgun           |    10 |     3 |       ||    13
Throw: Throwing net      |       |     2 |       ||     2
 Abil: Fly               |       |     1 |       ||     1
  Use: Scroll            |       |     5 |       ||     5
       Potion            |       |       |     1 ||     1
 Stab: Sleeping          |     5 |       |     3 ||     8
  Eat: Chunk             |       |     1 |     1 ||     2
       Fruit             |       |     1 |       ||     1
